 Dungeon Crawl Stone Soup version 0.19-a0-965-g50bf062 (webtiles) character file.

3147 Television the Spear-Bearer (level 9, 52/75 HPs)
             Began as a Minotaur Berserker on July 12, 2016.
             Was a Priest of Trog.
             Quit the game on level 14 of the Dungeon.
             The game lasted 00:09:35 (3584 turns).

Television the Spear-Bearer (Minotaur Berserker)    Turns: 3584, Time: 00:09:36

Health: 52/75      AC: 18    Str: 23    XL:     9   Next: 62%
Magic:  8/8        EV:  8    Int:  4    God:    Trog [***...]
Gold:   224        SH:  0    Dex: 10    Spells: 0 memorised, 8 levels left

rFire  . . .     SeeInvis .     h - +0 halberd
rCold  . . .     Gourm    .     k - +3 plate armour
rNeg   + . .     Faith    .     (shield currently unavailable)
rPois  .         Spirit   .     (helmet restricted)
rElec  .         Dismiss  .     (no cloak)
rCorr  .         Reflect  .     (no gloves)
SustAt +         Harm     .     (no boots)
MR     +....                    (no amulet)
Stlth  ..........               s - ring of positive energy
                                p - ring of sustain attributes

@: somewhat resistant to hostile enchantments, extremely unstealthy
A: retaliatory headbutt, beak, horns 2, molten scales 1, deterioration 1, magic
resistance 1, weak 1
a: Berserk, Trog's Hand, Burn Spellbooks, Renounce Religion


You were on level 14 of the Dungeon.
You worshipped Trog.
Trog was most pleased with you.
You were hungry.

You visited 1 branch of the dungeon, and saw 15 of its levels.
You also visited: Ice Cave.

You collected 224 gold pieces.

Inventory:

Hand Weapons
 a - a +0 spear
 h - a +0 halberd (weapon)
 l - a +0 trident
Armour
 b - a +0 animal skin
 g - a +0 ring mail
 k - a +3 plate armour (worn)
Jewellery
 p - a ring of sustain attributes (left hand)
 s - a ring of positive energy (right hand)
Wands
 t - a wand of disintegration (19/24)
 A - a wand of acid (7/15)
Scrolls
 i - a scroll of teleportation
 j - a scroll of blinking {unknown}
 q - a scroll of recharging
 r - 2 scrolls of identify
 v - 2 scrolls of immolation
 x - a scroll of amnesia {unknown}
 y - a scroll of remove curse
Potions
 d - 4 potions of brilliance {unknown}
 e - 2 potions of cancellation {unknown}
 f - 2 potions of heal wounds {unknown}
 m - 2 potions of might {unknown}
 n - 2 potions of haste
 u - 3 potions of curing {unknown}
 z - a potion of flight {unknown}
Comestibles
 c - 7 bread rations
 o - 2 meat rations


   Skills:
 * Level 5.7 Fighting
 * Level 12.6 Polearms
 + Level 8.8 Armour
 - Level 4.1 Dodging


You had 8 spell levels left.
You didn't know any spells.

Dungeon Overview and Level Annotations

Branches:
Dungeon (15/15)            Temple (0/1) D:5
   Lair: D:8-11         Orc: D:9-12      Vaults: D:13-14     Depths: D:15

Altars:
Dithmenos

Shops:
D:8 (

Portals:
Trove: D:15 (give 7 scrolls of blinking)

Annotations:
D:14 exclusion: downstairs


Innate Abilities, Weirdness & Mutations

You reflexively headbutt those who attack you in melee.
You have a pair of horns on your head.
You have a beak for a mouth.
You are partially covered in molten scales. (AC +1)
Your body sometimes deteriorates upon taking damage.
You are resistant to hostile enchantments. (MR+)
You are weak. (Str -2)


Message History

The hippogriff is almost dead.
The hippogriff bites you but does no damage.
The hippogriff pecks you but does no damage.
The hippogriff barely misses you.
You barely miss the hippogriff. You headbutt the hippogriff.
You kill the hippogriff!
Trog accepts your kill.
No target in view!
No target in view!
You start resting.
You are feeling hungry.
Unknown command.
A hill giant comes into view. It is wielding a giant club.
The hill giant shouts!
A meliai comes into view. It is wielding a war axe.
The meliai picks up a metallic black potion.
A hill giant and a meliai come into view.
Unknown command.
Unknown command.
Are you sure you want to abandon this character and quit the game? (Confirm with "yes".)

#.....# ###.......
........yy ##..C......
.. ##.......... ..##
....)...$..C ...##
##..#.........
###..###..##.@.......
##.........#..........
.........##..##......
#####.#....>............
........................
......#.................
........................
.##.#...#..........#....
..........#.....#####.


You could see 2 hill giants and 2 meliai.

Vanquished Creatures
  A centaur warrior (D:10)
  2 trolls
  A troll (shapeshifter) (D:13)
  A spriggan (D:7)
  A wraith (D:13)
  A yak (D:10)
  A hippogriff (D:14)
  A sky beast (D:7)
  A black bear (D:10)
  An ice beast (D:9)
  2 centaurs
  A giant frog (D:10)
  A wyvern skeleton (D:14)
  2 scorpions
  4 killer bees (D:10)
  2 crimson imps (D:10)
  A jelly (D:10)
  2 quasits
  A hound (D:7)
  A centaur skeleton (D:10)
  3 iguanas
  A worker ant (D:11)
  2 orc wizards
  A hound skeleton (D:11)
  3 adders
  2 shadow imps
  A worm (D:4)
  A dart slug (D:1)
  6 orcs
  2 bats
  2 giant cockroaches
  4 goblins (D:1)
  3 hobgoblins (D:1)
  8 jackals (D:7)
  3 kobolds
  A quokka (D:4)
  2 ball pythons (D:1)
  A giant newt (D:1)
  A jackal skeleton (D:7)
  3 rats
78 creatures vanquished.

Notes
Turn   | Place    | Note
-------+----------+-------------------------------------------
     0 | D:1      | Television the Minotaur Berserker began the quest for the Orb.
     0 | D:1      | Reached XP level 1. HP: 19/19 MP: 0/0
   164 | D:1      | Reached skill level 4 in Polearms
   164 | D:1      | Reached XP level 2. HP: 9/26 MP: 1/1
  1037 | D:4      | Reached XP level 3. HP: 31/31 MP: 2/2
  1041 | D:4      | Reached ** piety under Trog
  1094 | D:5      | Entered Level 5 of the Dungeon
  1094 | D:5      | Found a staircase to the Ecumenical Temple.
  1215 | D:7      | Reached skill level 5 in Polearms
  1215 | D:7      | Reached XP level 4. HP: 39/39 MP: 3/3
  1355 | D:7      | Noticed a centaur
  1366 | D:7      | Killed a centaur
  1366 | D:7      | Reached skill level 6 in Polearms
  1366 | D:7      | Reached XP level 5. HP: 30/45 MP: 4/4
  1604 | D:7      | Found a shadowy altar of Dithmenos.
  1709 | D:7      | Noticed a spriggan baker
  1714 | D:7      | Killed a spriggan baker
  1714 | D:7      | Reached skill level 7 in Polearms
  1714 | D:7      | Reached XP level 6. HP: 51/51 MP: 5/5
  1857 | D:7      | Noticed a sky beast
  1863 | D:7      | Killed a sky beast
  1877 | D:7      | Gained mutation: You are resistant to hostile enchantments. (MR+) [mutagenic meat]
  1880 | D:7      | Gained mutation: You are weak. (Str -2) [mutagenic meat]
  1883 | D:7      | Gained mutation: You have a beak for a mouth. [mutagenic meat]
  1886 | D:7      | Gained mutation: You are partially covered in molten scales. (AC +1) [mutagenic meat]
  1889 | D:7      | Gained mutation: Your body sometimes deteriorates upon taking damage. [mutagenic meat]
  1911 | D:7      | Reached XP level 7. HP: 50/57 MP: 6/6
  1970 | D:8      | Found Ocoul's Weapon Shop.
  2072 | D:9      | Reached skill level 8 in Polearms
  2172 | D:9      | Reached skill level 5 in Armour
  2277 | D:10     | Entered Level 10 of the Dungeon
  2326 | D:10     | Reached skill level 9 in Polearms
  2334 | D:10     | Reached XP level 8. HP: 64/64 MP: 7/7
  2571 | D:10     | Reached *** piety under Trog
  2582 | D:11     | Noticed a cyclops
  2592 | D:10     | Reached skill level 10 in Polearms
  2783 | D:10     | Noticed a centaur warrior
  2790 | D:10     | Killed a centaur warrior
  2790 | D:10     | Reached skill level 11 in Polearms
  2790 | D:10     | Reached XP level 9. HP: 63/70 MP: 8/8
  2932 | D:11     | Noticed a troll
  2939 | D:11     | Killed a troll
  2939 | D:11     | Reached skill level 12 in Polearms
  3235 | D:13     | Noticed a troll
  3246 | D:13     | Killed a troll
  3410 | D:14     | You fall through a shaft!
  3410 | D:15     | Entered Level 15 of the Dungeon
  3419 | D:14     | Found a frozen archway.
  3424 | D:14     | Reached skill level 5 in Fighting
  3432 | IceCv    | Entered an ice cave
  3467 | D:15     | Found a portal to a secret trove of treasure.
  3529 | D:15     | Noticed a troll
  3532 | D:15     | Noticed an eight-headed hydra
  3532 | D:15     | Noticed a troll
  3564 | D:14     | Killed a troll
  3582 | D:14     | Noticed a hill giant
  3583 | D:14     | Noticed a meliai
  3584 | D:14     | Noticed a meliai
  3584 | D:14     | Noticed a hill giant
  3584 | D:14     | Quit the game

Vault maps used:
D:1:      dpeg_arrival_stone_temple_mockup, minmay_hedge_maze, kennysheep_boxes
D:2:      grunt_ministairs_10
D:3:      first_bread, uniq_terence
D:4:      nicolae_overflow_hidden_temple, grunt_temple_overflow_open,
          minivault_11
D:6:      fiery_altar_vehumet, lemuel_crystal_altar,
          nemelex_xobeh_ov_fountains_minmay, uniq_eustachio
D:7:      grunt_dithmenos_smoke_and_mirrors, hangedman_decor_diamond_cutter,
          the_bakery
D:8:      corexii_shantytown, special_room, serial_shops, shop
D:9:      fedhas_altar_4
D:11:     david_lair_generic, minmay_orc_entry_temple_small,
          minmay_misc_feat_ornament
D:12:     enter_bailey_2, kennysheep_generic_room_5
D:13:     kennysheep_funnel
D:14:     david_vaults_5, portal_ice_cave_entry_pillars_1, uniq_azrael
D:15:     grunt_enter_depths_snipers, eino_curves_02, enter_trove_0,
          serial_shops, shop, uniq_kirke
IceCv:    ice_cave_small_necro

Skill      XL: |  1  2  3  4  5  6  7  8  9 |
---------------+----------------------------+-----
Polearms       | 4 5 6 7 9 11 12 | 12.6
Dodging        | 3 4 |  4.1
Armour         | 3 4 6 7 8 |  8.8
Fighting       | 5 |  5.7

Action                   |  1- 3 |  4- 6 |  7- 9 || total
-------------------------+-------+-------+-------++-------
Melee: Spear             |    80 |    12 |       ||    92
       Headbutt          |    13 |    10 |    25 ||    48
       Trident           |       |    50 |     3 ||    53
       Halberd           |       |       |   109 ||   109
       Peck              |       |       |    15 ||    15
Invok: Berserk           |     2 |     3 |     3 ||     8
  Use: Scroll            |       |       |    11 ||    11
  Eat: Bread ration      |     1 |       |     1 ||     2
       Beef jerky        |       |     1 |       ||     1
       Chunk             |       |     6 |     5 ||    11
Armor: Animal skin       |     5 |       |       ||     5
       Ring mail         |    18 |     3 |       ||    21
       Plate armour      |       |    29 |    80 ||   109
Dodge: Dodged            |    38 |    11 |    56 ||   105
